 Dungeon Crawl Stone Soup version 0.21.1-1-g345015f (webtiles) character file.

7 zultag the Grave Robber (level 1, 0/13 HPs)
             Began as a Vampire Necromancer on Mar 14, 2018.
             Succumbed to a kobold's poison
             ... on level 1 of the Dungeon.
             The game lasted 00:13:18 (656 turns).

zultag the Grave Robber (Vampire Necromancer)        Turns: 656, Time: 00:13:18

Health: 0/13       AC:  3    Str:  7    XL:     1   Next: 91%
Magic:  2/3        EV: 12    Int: 17    God:
Gold:   34         SH:  0    Dex: 14    Spells: 2/4 levels left

rFire    + . .     SeeInvis +   (no weapon)
rCold    . . .     Gourm    .   (no shield)
rNeg     + . .     Faith    .   a - +0 robe
rPois    .         Spirit   .   (no helmet)
rElec    .         Reflect  .   e - +0 cloak
rCorr    .         Harm     .   (no gloves)
MR       .....                  (no boots)
Stlth    ++........             (no amulet)
HPRegen  0.04/turn              l - ring of protection from fire
MPRegen  0.08/turn              (no ring)

@: lethally poisoned (0 -> -23)
A: fangs 3, see invisible, unbreathing
a: no special abilities


You were on level 1 of the Dungeon.
You were not thirsty.

You visited 1 branch of the dungeon, and saw 1 of its levels.

You collected 34 gold pieces.

Inventory:

Hand Weapons
 o - a +0 whip
 u - a +0 hand axe
 v - a +0 dagger
Missiles
 n - 36 arrows
 p - a stone (quivered)
Armour
 a - a +0 robe (worn)
 e - a +0 cloak (worn)
 f - a +0 naga barding
 k - a +0 ring mail
Jewellery
 l - a ring of protection from fire (left hand)
Scrolls
 r - a scroll of teleportation {unknown}
 t - a scroll of noise {unknown}
Potions
 c - a potion of blood
 g - 2 potions of might {unknown}
 i - a potion of heal wounds {unknown}
 j - a potion of brilliance {unknown}
 q - a potion of lignification {unknown}
 s - a potion of flight {unknown}
Books
 b - a book of Necromancy

   Spells                             Type                      Level
   a - Pain                           Necromancy                   1
   b - Animate Skeleton               Necromancy                   1
   c - Vampiric Draining              Necromancy                   3
   d - Regeneration                   Charms/Necromancy            3
   e - Animate Dead                   Necromancy                   4
   f - Borgnjor's Vile Clutch         Necromancy/Earth             5
Comestibles
 h - 2 rations
 m - 2 chunks of flesh


   Skills:
 + Level 2.1 Dodging
 + Level 3.0 Stealth
 + Level 2.0 Spellcasting
 + Level 4.8 Necromancy


You had 2 spell levels left.
You knew the following spells:

 Your Spells              Type           Power        Failure   Level  Hunger
a - Pain                  Necr           ###.         2%          1    #......
b - Animate Skeleton      Necr           N/A          2%          1    #......


Dungeon Overview and Level Annotations

Branches:
Dungeon (1/15)

Altars:


Innate Abilities, Weirdness & Mutations

You have razor-sharp teeth.
You have supernaturally acute eyesight. (SInv)
You can survive without breathing.


Message History

You throw a stone.
The stone hits the kobold but does no damage.
You feel sick. The kobold closely misses you.
Throwing (i - inventory):
p - 2 stones (quivered)
Press: ? - help, Shift-Dir - straight line, f/p - kobold
Aim: a kobold, wielding a short sword of venom You throw a stone.
The stone hits the kobold but does no damage.
You feel sick.
The kobold hits you with a short sword of venom.
* * * LOW HITPOINT WARNING * * *
You are more poisoned.
Casting: Animate Skeleton
Confirm with . or Enter, or press ? or * to list all spells.
Aiming: Pain
Press: ? - help, Shift-Dir - straight line, f/p - kobold
Aim: a kobold, wielding a short sword of venom (chance to defeat MR: 89%)
The kobold writhes in agony!
You kill the kobold!
You die...

#....# #....#
#.#### #.# #.#
#.# #.#######
#########........
((.....()@#######
#########.# #.#
#.# #.# ..# #.#
###


There were no monsters in sight!

Vanquished Creatures
  A hobgoblin (D:1)
  3 bats (D:1)
  A frilled lizard (D:1)
  2 kobolds (D:1)
7 creatures vanquished.

Vanquished Creatures (collateral kills)
  A kobold (D:1)
1 creature vanquished.

Grand Total: 8 creatures vanquished

Notes
Turn   | Place    | Note
-------+----------+-------------------------------------------
     0 | D:1      | zultag the Vampire Necromancer began the quest for the Orb.
     0 | D:1      | Reached XP level 1. HP: 13/13 MP: 3/3
   161 | D:1      | Learned a level 1 spell: Animate Skeleton
   656 | D:1      | Succumbed to a kobold's poison

Action                   || total
-------------------------++-------
Melee: Unarmed           ||     4
Throw: Javelin           ||    19
       Stone             ||     3
 Cast: Animate Skeleton  ||     4
       Pain              ||     3
  Use: Scroll            ||     1
Armor: Robe              ||     8
Dodge: Dodged            ||    24
